 Dungeon Crawl Stone Soup version 0.21-a0-578-gc6e9d75 (webtiles) character file.

4366 Gaball the Cleaver (level 10, -7/94 HPs)
             Began as a Hill Orc Fighter on Dec 18, 2017.
             Was a Believer of Beogh.
             Mangled by a two-headed ogre
             ... wielding a +0 giant club
              (17 damage)
             ... on level 8 of the Dungeon.
             The game lasted 00:13:08 (6579 turns).

Gaball the Cleaver (Hill Orc Fighter)               Turns: 6579, Time: 00:13:09

Health: -7/94      AC: 12    Str: 23    XL:     10   Next: 34%
Magic:  0/10       EV:  5    Int:  8    God:    Beogh [**....]
Gold:   335        SH: 11    Dex: 10    Spells: 9/9 levels left

rFire    . . .     SeeInvis .   A - +0 hand axe (chop)
rCold    . . .     Gourm    .   c - +0 shield
rNeg     . . .     Faith    .   q - +0 plate armour
rPois    .         Spirit   +   (no helmet)
rElec    .         Reflect  .   d - scarf {Spirit}
rCorr    .         Harm     .   (no gloves)
MR       .....                  s - +0 pair of boots
Stlth    ..........             (no amulet)
HPRegen  0.25/turn              (no ring)
MPRegen  0.12/turn              (no ring)

@: no status effects
A: no striking features
a: Smiting, Renounce Religion


You were on level 8 of the Dungeon.
You worshipped Beogh.
Beogh was pleased with you.
You were very hungry.

You visited 1 branch of the dungeon, and saw 8 of its levels.

You collected 335 gold pieces.

Inventory:

Hand Weapons
 a - a +0 war axe
 A - a +0 hand axe of chopping (weapon)
Missiles
 z - 7 steel tomahawks (quivered)
Armour
 b - a +0 scale mail
 c - a +0 shield (worn)
 d - a scarf of spirit shield (worn)
 q - a +0 plate armour (worn)
 s - a +0 pair of boots (worn)
Jewellery
 l - a +3 ring of dexterity {unknown}
Wands
 v - a wand of disintegration (18)
Scrolls
 e - a scroll of fear {unknown}
 i - a scroll of immolation
 m - a scroll of teleportation {unknown}
 n - 2 scrolls of enchant armour {unknown}
 o - 2 scrolls of blinking
 w - 2 scrolls of remove curse {unknown}
 y - a scroll of enchant weapon {unknown}
 B - a scroll of identify
Potions
 g - a potion of ambrosia
 h - 2 potions of flight
 j - a potion of curing
 k - 6 potions of lignification
 p - 4 potions of mutation {unknown}
 r - a potion of magic {unknown}
 t - 3 potions of degeneration
 u - a potion of cancellation {unknown}
 x - a potion of might
 C - a potion of berserk rage {unknown}
Books
 E - a book of Cantrips

   Spells                             Type                      Level
   a - Confusing Touch                Hexes                        1
   b - Animate Skeleton               Necromancy                   1
   c - Summon Small Mammal            Summoning                    1
   d - Apportation                    Translocation                1
Comestibles
 f - 9 rations


   Skills:
 * Level 10.6 Fighting
 - Level 12.1 Axes
 - Level 3.2 Armour
 + Level 9.2 Shields


You had 9 spell levels left.
You didn't know any spells.

Dungeon Overview and Level Annotations

Branches:
Dungeon (8/15)             Temple (0/1) D:6
   Lair: D:8-11

Altars:
Dithmenos
Nemelex Xobeh
Uskayaw


Message History

The two-headed ogre hits you with a giant club.
You hit the two-headed ogre but do no damage.
The two-headed ogre is severely wounded.
You block the two-headed ogre's attack.
The two-headed ogre hits you with a giant club!!
* * * LOW HITPOINT WARNING * * *
Evoke which item? (* to show all) (? for menu, Esc to quit)
Aiming: Disintegrate
Press: ? - help, Shift-Dir - straight line, f/p - two-headed ogre
Aim: a two-headed ogre, wielding two giant clubs (severely wounded, chance to defeat MR: 48%)
The two-headed ogre is blasted.
Evoke which item? (* to show all) (? for menu, Esc to quit)
Aiming: Disintegrate
Press: ? - help, Shift-Dir - straight line, f/p - two-headed ogre
Aim: a two-headed ogre, wielding two giant clubs (almost dead, chance to defeat MR: 48%)
The two-headed ogre resists with some effort.
The two-headed ogre hits you with a giant club!
* * * LOW HITPOINT WARNING * * *
The two-headed ogre hits you with a giant club!!
You die...

###
#.##.##.#.#.###.#...
#..#.##.#.#.## ....
##............ ...
#....#.#.#..##.#####
##...#.#.#.........#
#.......#...#.....
##..#...##..#..####
#.................
#..#...##@.#..####
#......##O.# .#
#.#....##..# #
#..........$.<#
.......##.....#
........##..##...
.#.#.>......# ###.#
. ..... # ....#


You could see a two-headed ogre.

Vanquished Creatures
  A two-headed ogre (D:8)
  2 hippogriffs (D:7)
  Edmund (D:4)
  Menkaure (D:5)
  2 orc warriors (D:6)
  2 ice beasts
  A black bear (D:8)
  A sky beast (D:8)
  A phantom (D:5)
  6 ogres
  4 centaurs
  A big kobold (D:7)
  3 bullfrogs
  Blork the orc (D:5)
  A gnoll sergeant (D:7)
  2 scorpions (D:5)
  The ghost of Daviar the Changer, a weakling DgTm (D:3)
  3 wights (D:6)
  3 crimson imps
  A bullfrog zombie (D:5)
  2 jellies
  2 centaur zombies
  3 hounds
  An orc priest (D:6)
  A bullfrog skeleton (D:5)
  A centaur skeleton (D:5)
  3 orc wizards
  2 iguanas
  4 worker ants
  Natasha (D:4)
  A hound zombie (D:6)
  A hound skeleton (D:6)
  A worker ant zombie (D:7)
  12 gnolls
  2 howler monkey skeletons
  An adder (D:7)
  An adder zombie (D:7)
  An adder skeleton (D:6)
  2 worms (D:2)
  2 dart slugs
  6 leopard geckos
  21 orcs
  7 bats
  5 giant cockroaches
  6 goblins
  6 hobgoblins
  17 jackals
  12 kobolds
  2 quokkas
  A ball python (D:3)
  8 frilled lizards
  A leopard gecko zombie (D:5)
  A quokka skeleton (D:4)
  5 rats
180 creatures vanquished.

Notes
Turn   | Place    | Note
-------+----------+-------------------------------------------
     0 | D:1      | Gaball the Hill Orc Fighter began the quest for the Orb.
     0 | D:1      | Reached XP level 1. HP: 19/19 MP: 1/1
    49 | D:1      | Reached skill level 3 in Axes
    71 | D:1      | Reached XP level 2. HP: 20/26 MP: 2/2
    80 | D:1      | Reached skill level 4 in Axes
   172 | D:1      | Reached XP level 3. HP: 12/31 MP: 3/3
   727 | D:2      | Found a sparkling altar of Nemelex Xobeh.
   735 | D:2      | Reached skill level 5 in Axes
   937 | D:2      | Reached XP level 4. HP: 37/39 MP: 4/4
  1222 | D:2      | Reached skill level 6 in Axes
  1343 | D:2      | Reached skill level 7 in Axes
  1343 | D:2      | Reached XP level 5. HP: 25/45 MP: 5/5
  1604 | D:3      | Noticed Daviar's ghost (weakling DgTm)
  1617 | D:3      | Killed Daviar's ghost
  2023 | D:4      | Noticed an ogre
  2028 | D:4      | Killed an ogre
  2028 | D:4      | Reached skill level 8 in Axes
  2028 | D:4      | Reached XP level 6. HP: 49/51 MP: 6/6
  2284 | D:4      | Became a worshipper of Beogh the Brigand
  2530 | D:4      | Noticed Edmund
  2565 | D:4      | Killed Edmund
  2565 | D:4      | Reached skill level 9 in Axes
  2565 | D:4      | Reached XP level 7. HP: 25/57 MP: 7/7
  2669 | D:4      | Noticed Natasha
  2678 | D:4      | Killed Natasha
  2747 | D:5      | Entered Level 5 of the Dungeon
  2775 | D:5      | Reached skill level 10 in Axes
  2916 | D:5      | Noticed Blork the orc
  2927 | D:5      | Killed Blork the orc
  2947 | D:5      | Reached skill level 11 in Axes
  3003 | D:5      | Reached XP level 8. HP: 29/66 MP: 6/8
  3373 | D:5      | Noticed Menkaure
  3381 | D:5      | Killed Menkaure
  3381 | D:5      | Reached * piety under Beogh
  3435 | D:5      | Found a shadowy altar of Dithmenos.
  3456 | D:5      | Reached skill level 5 in Fighting
  3781 | D:6      | Reached skill level 5 in Shields
  4305 | D:6      | Reached XP level 9. HP: 64/78 MP: 5/9
  4467 | D:6      | Reached skill level 12 in Axes
  4481 | D:6      | Found a hide-covered altar of Uskayaw.
  4529 | D:6      | Found a staircase to the Ecumenical Temple.
  4898 | D:7      | Reached ** piety under Beogh
  5805 | D:7      | Reached XP level 10. HP: 90/91 MP: 8/10
  6165 | D:8      | Noticed a two-headed ogre
  6233 | D:8      | Killed a two-headed ogre
  6233 | D:8      | Reached skill level 10 in Fighting
  6561 | D:8      | Noticed a two-headed ogre
  6579 | D:8      | Mangled by a two-headed ogre

Vault maps used:
D:1:      sevenhm_arrival_forest_fort_large_2
D:2:      nemelex_xobeh_ov_fountains_minmay
D:3:      first_ration
D:4:      minivault_25, uniq_edmund, uniq_natasha
D:5:      grunt_dithmenos_shadows, uniq_menkaure, uniq_blork_the_orc
D:6:      eat_drink_and_be_merry_uskayaw, minmay_temple_entry_fiery,
          dk_vineyard_3

Skill      XL: |  1  2  3  4  5  6  7  8  9 10 |
---------------+-------------------------------+-----
Axes           | 3 4 5 7 8 9 11 12 | 12.1
Fighting       | 6 9 10 | 10.6
Shields        | 5 8 9 |  9.2
Armour         | |  3.2

Action                   |  1- 3 |  4- 6 |  7- 9 | 10-12 || total
-------------------------+-------+-------+-------+-------++-------
Melee: War axe           |   145 |   139 |   250 |       ||   534
       Hand axe          |       |       |   169 |    64 ||   233
Invok: Convert to Beogh  |       |     1 |       |       ||     1
       Smiting           |       |       |       |     1 ||     1
Evoke: Wand              |       |       |       |    14 ||    14
  Use: Potion            |       |     2 |     1 |       ||     3
       Scroll            |       |       |     5 |     2 ||     7
  Eat: Chunk             |       |     2 |     8 |     1 ||    11
       Ration            |       |     1 |     1 |       ||     2
Armor: Scale mail        |    90 |    23 |       |       ||   113
       Plate armour      |       |    31 |   168 |    15 ||   214
Dodge: Dodged            |    48 |    18 |    61 |     8 ||   135
Block: Shield            |   104 |    68 |   196 |    31 ||   399

Table legend:
 A = Spawn XP
 B = Non-spawn XP
 C = Spawn XP percentage of total XP
 D = Spawn monster count
 E = Non-spawn monster count
 F = Spawn count percentage of total count
 G = Total turns spent on level
                    A         B        C        D         E        F      G
               +---------+---------+-------+---------+---------+-------+---------
         Total |       0 |    6238 |   0.0 |       0 |     180 |   0.0 |  6579
               +---------+---------+-------+---------+---------+-------+---------
           D:1 |       0 |      51 |   0.0 |       0 |      29 |   0.0 |   727
           D:2 |       0 |     148 |   0.0 |       0 |      35 |   0.0 |   787
           D:3 |       0 |      68 |   0.0 |       0 |       8 |   0.0 |   477
           D:4 |       0 |     429 |   0.0 |       0 |       9 |   0.0 |   756
           D:5 |       0 |    1234 |   0.0 |       0 |      22 |   0.0 |  1338
           D:6 |       0 |    1322 |   0.0 |       0 |      35 |   0.0 |  1031
           D:7 |       0 |    1435 |   0.0 |       0 |      32 |   0.0 |   878
           D:8 |       0 |    1551 |   0.0 |       0 |      10 |   0.0 |   585
               +---------+---------+-------+---------+---------+-------+---------
